 Dungeon Crawl Stone Soup version 0.27.1-3-gb3d3a73c9e (webtiles) character file.

Game seed: 648178370144698298

624 MajorAdolf the Sneak (level 7, -7/62 (67) HPs)
             Began as a Naga Wanderer on Oct 22, 2021.
             Was an Initiate of Gozag.
             Mangled by a hell rat (11 damage)
             ... on level 5 of the Dungeon.
             The game lasted 00:12:46 (6953 turns).

MajorAdolf the Sneak (Naga Wanderer)                Turns: 6953, Time: 00:12:47

HP:   -7/62 (67)    AC:  3    Str: 17    XL:     7   Next: 47%
MP:   0/7           EV:  9    Int: 12    God:    Gozag
Gold: 204           SH:  0    Dex: 10    Spells: 6/6 levels left

rFire    . . .     SeeInvis +   a - +2 short sword
rCold    . . .     Faith    .   (no shield)
rNeg     + . .     Spirit   +   d - +0 robe
rPois    +         Reflect  .   (no helmet)
rElec    .         Harm     .   (no cloak)
rCorr    .         Rampage  .   (no gloves)
Will     .....                  (no barding)
Stlth    +++.......             o - amulet of guardian spirit
HPRegen  0.20/turn              j - ring of positive energy
MPRegen  0.10/turn              (no ring)

@: about to teleport, drained, very slow
A: AC +2, large, see invisible, deformed body, poison resistance, slowness 2,
spit poison 1, naga tail 1
a: Spit Poison, Renounce Religion, Potion Petition, Call Merchant, Bribe Branch


You were on level 5 of the Dungeon.
You worshipped Gozag.
Gozag was aware of your devotion.
You visited 2 branches of the dungeon, and saw 6 of its levels.

You collected 291 gold pieces.
You paid 87 gold pieces to Gozag.

Inventory:

Hand Weapons
 a - a +2 short sword (weapon)
Armour
 d - a +0 robe (worn)
 i - a +0 chain mail
Magical Staves
 e - a staff of earth
 k - a staff of cold
Jewellery
 j - a ring of positive energy (left hand)
 o - an amulet of guardian spirit (around neck)
Wands
 s - a wand of mindburst (10)
Scrolls
 b - 3 scrolls of teleportation
 f - 4 scrolls of identify {unknown}
 g - a scroll of fog {unknown}
 n - a scroll of enchant weapon {unknown}
 p - a scroll of enchant armour {unknown}
Potions
 h - a potion of might {unknown}
 m - a potion of flight {unknown}
 q - a potion of degeneration {unknown}
 r - a potion of curing {unknown}
Miscellaneous
 c - a piece from Xom's chessboard (2/15) (quivered)


   Skills:
 + Level 5.3 Fighting
 - Level 2.0(2.1) Short Blades
 - Level 1.0(1.6) Long Blades
 + Level 3.1 Staves
 + Level 5.5 Stealth
 + Level 3.2 Earth Magic
 + Level 3.9 Evocations


You had 6 spell levels left.
You didn't know any spells.
Your spell library was empty.

Dungeon Overview and Level Annotations

Branches:
Dungeon (5/15)             Temple (1/1) D:5

Altars:
Ashenzari
Cheibriados
Elyvilon
Fedhas
Gozag
Hepliaklqana
Kikubaaqudgha
Makhleb
Nemelex Xobeh
Okawaru
Qazlal
Ru
Trog
Uskayaw
Xom
The Shining One

Shops:
D:3 =

Annotations:
D:4 exclusion: iguana, Grinder
D:5 exclusions: howler monkey and two-headed ogre


Innate Abilities, Weirdness & Mutations

Your serpentine skin is tough. (AC +2)
You have supernaturally acute eyesight. (SInv)
Armour fits poorly on your strangely shaped body.
Your system is resistant to poisons. (rPois)
You cover ground very slowly.
You can spit poison.
You have a snake-like lower body.


Message History

The hell rat is heavily wounded.
The hell rat barely misses you.
You hit the hell rat but do no damage.
The hell rat is heavily wounded.
The hell rat closely misses you.
You barely miss the hell rat.
The hell rat is heavily wounded.
The hell rat barely misses you.
A river rat comes into view.
You closely miss the hell rat.
The hell rat is heavily wounded.
The hell rat bites you! You partially resist.
You feel drained. The hell rat bites you! You partially resist.
You feel drained.
You barely miss the hell rat.
The hell rat is heavily wounded.
The hell rat bites you.
You hit the hell rat.
The hell rat is severely wounded.
The hell rat barely misses you.
You hit the hell rat.
The hell rat is almost dead.
The hell rat bites you.
* * * LOW HITPOINT WARNING * * *
You closely miss the hell rat.
The hell rat is almost dead.
The hell rat bites you!
* * * LOW HITPOINT WARNING * * *
The hell rat bites you.
* * * LOW HITPOINT WARNING * * *
Unknown command.
a - a +2 short sword (weapon)
Okay, then.
You closely miss the hell rat.
The hell rat is almost dead.
The hell rat barely misses you.
Unknown command.
As you read the scroll of teleportation, it crumbles to dust.
You feel strangely unstable. The hell rat bites you!
You die...
Your body crumbles into a pile of gold.

.##.# . .###....# .#.##
.#.r#..#### .#.# r#.##..##
##.#.## #..###..#
#####..##.# #..# ##.#######
......##.## #..#
#.......### .......##.# #r#
##........## ........#.##
##r# #...........
........##.## #@##
#..........#
.........##.####.#
##.#........#
.........###.##.##
#............
..........##.#.##
##............
......###..##.#.#
#..#[........# ....###
##..##### ##..#.........#
...## ##......##
#..##.......... .###
##.....#..###..##........8.
##
#.......#.....####........⌠


You could see a hell rat and 2 river rats.

Vanquished Creatures
  2 scorpions (D:5)
  A water moccasin skeleton (D:4)
  A bullfrog zombie (D:5)
  A hound (D:5)
  3 jellies (D:2)
  2 bullfrog skeletons
  An orc wizard (D:4)
  7 adders
  6 river rats (D:5)
  A white imp (D:5)
  2 dart slugs
  5 orcs
  2 ball pythons (D:3)
  6 bats
  10 endoplasms
  2 giant cockroaches (D:1)
  5 goblins
  5 hobgoblins
  3 jackals (D:1)
  17 kobolds
  6 quokkas
  4 frilled lizards
  5 rats
97 creatures vanquished.

Vanquished Creatures (others)
  8 fungi (D:2)
  6 toadstools (D:2)
14 creatures vanquished.

Grand Total: 111 creatures vanquished

Notes
Turn   | Place    | Note
-------+----------+-------------------------------------------
     0 | D:1      | MajorAdolf the Naga Wanderer began the quest for the Orb.
     0 | D:1      | MajorAdolf set off with the following items: a +2 short
                  | sword, a scroll of teleportation, a piece from Xom's
                  | chessboard (15/15), a +0 robe
     0 | D:1      | Reached XP level 1. HP: 22/22 MP: 1/1
   131 | D:1      | Reached XP level 2. HP: 26/30 MP: 2/2
   835 | D:1      | Reached XP level 3. HP: 22/36 MP: 3/3
  1121 | D:1      | Reached skill level 1 in Staves
  1121 | D:1      | Reached skill level 1 in Earth Magic
  2028 | D:2      | You fall into a shaft and drop 2 floors!
  2153 | D:4      | Reached XP level 4. HP: 18/45 MP: 4/4
  2645 | D:3      | Reached XP level 5. HP: 43/51 MP: 5/5
  2737 | D:3      | Found Gikhok's Jewellery Boutique.
  3905 | D:2      | Reached XP level 6. HP: 46/60 MP: 6/6
  4036 | D:3      | Found a hazy altar of Hepliaklqana.
  5221 | D:4      | Noticed Grinder
  5255 | D:5      | Entered Level 5 of the Dungeon
  5265 | D:5      | Reached skill level 5 in Fighting
  5375 | D:5      | Reached skill level 5 in Stealth
  5375 | D:5      | Reached XP level 7. HP: 61/67 MP: 7/7
  5404 | D:5      | Found a staircase to the Ecumenical Temple.
  5417 | Temple   | Entered the Ecumenical Temple
  5523 | Temple   | Became a worshipper of Gozag Ym Sagoz the Greedy
  5917 | D:5      | Noticed a two-headed ogre
  6950 | D:5      | HP: 3/62 [hell rat (6)]
  6953 | D:5      | Mangled by a hell rat

Illustrated notes

Levels and vault maps discovered:
D:1:      giann_horns, layout_loops_ring
D:2:      cheibrodos_fertilizer, layout_rooms
D:3:      layout_loops_ring, mainiacjoe_overflow_paths, serial_shops,
          nicolae_shop_statue_plus, kennysheep_path_1
D:4:      layout_basic, uniq_grinder
D:5:      wander_guarded_unrand_ratskin, layout_cave_pods,
          minmay_temple_entry_statues_fountains, minmay_fractal_squares_5
Temple:   eino_wide_crystal_templ

Skill      XL: |  1  2  3  4  5  6  7 |
---------------+----------------------+-----
Stealth        | 2 3 4 5 |  5.5
Staves         | 1 2 3 |  3.1
Earth Magic    | 1 2 3 |  3.2
Evocations     | 3 |  3.9
Fighting       | 5 |  5.3
Short Blades   | |  2.0
Long Blades    | |  1.0

Action                   |  1- 3 |  4- 6 |  7- 9 || total
-------------------------+-------+-------+-------++-------
Melee: Staff             |    95 |   148 |    43 ||   286
       Short sword       |       |    25 |    27 ||    52
 Abil: Spit Poison       |    26 |    31 |     4 ||    61
Evoke: Piece from Xom's  |    12 |     8 |     6 ||    26
  Use: Scroll            |       |     1 |     1 ||     2
       Potion            |       |       |     1 ||     1
 Stab: Petrified         |    10 |    15 |       ||    25
       Sleeping          |     2 |     4 |     4 ||    10
       Confused          |       |     1 |       ||     1
Armor: Robe              |    17 |    32 |     9 ||    58
       Chain mail        |     3 |       |       ||     3
Dodge: Dodged            |    50 |    67 |    29 ||   146
